cohdb
Replays
Latest Replays
All Replays
Popular Replays
Top Player Replays
Match Explorer
How It Works
Community
CoH3 Stats
Reddit
Sign in to upload your games and track your stats! →
Sign in with Steam
Match 45751682
Unlisted
Match 45751682
Overview
Messages
Build Orders
End
Construct Infanterie Kompanie
Kettenkrad Recon Vehicle
Selects Terror Battlegroup
MG 42 Machine Gun Team
Selects Machine Gun Camouflage
Grenadier Squad
GrW 34 Mortar Team
Grenadier Squad
Grenadier Squad
Construct Luftwaffe Kompanie
Medical Station
Support Elements
Selects Defend the Fatherland
Flak 30 Anti-aircraft Gun Team
Wirbelwind Flakpanzer
Pioneer Squad
Wirbelwind Flakpanzer
Pioneer Squad
Grenadier Squad
crywo1f
Visionario
MrXanathos
Imperiale
Herogus3xD
mentoss
0
0
Comments
sign in to comment!
No comments posted yet!